Sylph, neutral male human Monk ----- #...^.# --------- #|...|# |.......|# #|...|# |.......|# #|...|# ############### |........%# #|...|# #-------------# |<......|%# #--.--# #|*.........*|############# ---------###################%#%.....*.....|# # --------|------- # # # 1 #|...-----....####-..............| # # ### #|...|.{.|...|# |..............| # # # #...*|{.{|`..|# |..............| ## # ### #|eh.|.{.|...|# |..............| #--------- # # #|@..---.-...|# ---------------- #|........## ###|.....*.....|# #-......>| #|*.........`|# |........############-------------# --------- ############### Sylph the Initiate Experience level: 7 Strength: 18/01 Dexterity: 14 Constitution: 14 Intelligence: 7 Wisdom: 10 Charisma: 11 Health: 0(46) Energy: 34(34) AC: 3 Gold: 1127 Moves: 3248 Your Inventory: Coins $ - 1127 gold pieces Armor a - a blessed +2 pair of leather gloves (being worn) b - an uncursed +1 robe (being worn) j - a [cursed +0] pair of leather gloves [of fumbling] k - an [uncursed] +0 orcish helm (being worn) N - an [uncursed +0] pair of buckled boots [speed] Comestibles g - 3 uncursed food rations h - an uncursed apple i - 2 uncursed oranges R - an uncursed partly eaten orange Scrolls r - an uncursed scroll of destroy armor t - an [uncursed] scroll of enchant armor E - 3 [uncursed] scrolls of identify F - a [cursed] scroll of identify G - an uncursed scroll of enchant armor K - an [uncursed] scroll labeled LEP GEX VEN ZEA [of confuse monster] Q - an [uncursed] scroll of light W - an [uncursed] scroll labeled HACKEM MUCHE [of food detection] Y - 2 [uncursed] unlabeled scrolls [of blank paper] Spellbooks c - a blessed spellbook of sleep n - an [uncursed] tattered spellbook [of knock] p - an [uncursed] plain spellbook [of blank paper] u - an [uncursed] spellbook of extra healing P - a [blessed] cloth spellbook [of jumping] Potions d - an [uncursed] clear potion [of water] e - 2 uncursed potions of healing f - a blessed potion of healing l - an uncursed potion of restore ability J - an [uncursed] silver potion [of monster detection] O - a [blessed] soapy potion [of paralysis] X - a [blessed] puce potion [of see invisible] Wands V - an [uncursed] uranium wand [of magic missile (0:8)] Tools m - an [uncursed] blindfold o - an [uncursed magic] lamp D - an [uncursed +0] pick-axe U - an [uncursed] looking glass [mirror] Z - an [uncursed] brass lantern Spells known in the end: Name Level Category Fail Memory a - sleep 1 enchantment 0% [|||||||.] b - extra healing 3 healing 0% [||||||||] Your skills at the end: Fighting Skills martial arts [Basic / Grand Master] Weapon Skills Spellcasting Skills healing spells [Basic / Expert] Final Attributes: You were piously aligned. Hunger level was 231. Your alignment was 24 / 26. Monster difficulty range was 1 - 7. Level difficulty was 7. You were immune to sleep. You were immune to poison. You saw invisible. You were warned. You were stealthy. You were fast. Your luck was zero. You are dead. Vanquished creatures: 2 small mimics 2 leprechauns an iron piercer a giant spider a vampire bat a dwarf mummy a blue jelly 2 imps a wood nymph a violet fungus a gray ooze a paper golem a giant ant 3 floating eyes a kitten a dwarf a rothe a rabid rat 2 orc zombies a dwarf zombie an iguana 4 killer bees a gas spore a cave spider a brown mold 2 yellow molds a green mold a gnome zombie 4 geckos 7 jackals 3 goblins 4 sewer rats 2 grid bugs 3 lichens 2 kobold zombies 8 newts 71 creatures vanquished. Voluntary challenges: You were an atheist. You were vegetarian. You used a wielded weapon 4 times. You read items or engraved 10 times. You put on armor 3 times. You never genocided any monsters. You never polymorphed an object. You never changed form. You used no wishes. You wrote Elbereth's name 4 times. You never encountered a bones level. You never used any Sokoban shortcuts. Dungeon overview: The Dungeons of Doom: levels 1 to 8 Level 1 a long staircase Level 2 some sinks Level 4 a general store stairs to The Gnomish Mines Level 6 a fountain Level 7 <- You were here many fountains The Gnomish Mines: Level 5 stairs to The Dungeons of Doom History has recorded: On T:1 you entered the Dungeons of Doom to retrieve the Amulet of Yendor! On T:87 you reached level 2 of The Dungeons of Doom. On T:351 you advanced to experience level 2. On T:466 you reached level 3 of The Dungeons of Doom. On T:482 you advanced to experience level 3. On T:981 you reached level 4 of The Dungeons of Doom. On T:1023 you advanced to experience level 4. On T:1189 you advanced to experience level 5. On T:1497 you advanced to experience level 6. On T:1711 you reached level 1 of The Gnomish Mines. On T:1843 you reached level 5 of The Dungeons of Doom. On T:2217 you reached level 6 of The Dungeons of Doom. On T:2404 you reached level 7 of The Dungeons of Doom. On T:2769 you advanced to experience level 7. On T:2868 you reached level 8 of The Dungeons of Doom. Latest messages: You hit the floating eye! You are frozen by the floating eye's gaze! [HP+1=45] [HP+1=46] The dwarf swings his pick-axe. The dwarf hits! [HP-10=36] [HP+1=37] The dwarf swings his pick-axe. The dwarf hits! [HP-9=28] The dwarf swings his pick-axe. The dwarf hits! [HP-12=16] The dwarf swings his pick-axe. The dwarf just misses! [HP+1=17] The dwarf swings his pick-axe. The dwarf hits! [HP-7=10] The dwarf swings his pick-axe. The dwarf hits! You die... Final status: Punardarsanaya Sylph the Monk... You died in The Dungeons of Doom on dungeon level 7 with 5403 points, and 1127 pieces of gold, after 3248 moves. You were level 7 with a maximum of 46 hit points when you died.